 Dungeon Crawl Stone Soup version 0.29.1-15-g9cfb28693d (webtiles) character file.

Game seed: 15602729991599344044

5507 BuddhaDhamma the Severer (level 10, -8/77 HPs)
             Began as a Minotaur Berserker on Mar 18, 2023.
             Was an Elder of Trog.
             Mangled by a vampire mosquito (10 damage)
             ... on level 8 of the Dungeon.
             The game lasted 00:14:02 (10614 turns).

BuddhaDhamma the Severer (Minotaur Berserker)      Turns: 10614, Time: 00:14:02

Health: -8/77      AC: 13    Str: 27    XL:     10   Next: 42%
Magic:  9/9        EV:  7    Int:  4    God:    Trog [****..]
Gold:   389        SH:  0    Dex:  9    Spells: 9/9 levels left

rFire   . . .      SeeInvis .   w - +0 battleaxe
rCold   + . .      Faith    .   (shield currently unavailable)
rNeg    . . .      Spirit   .   x - +0 plate armour
rPois   .          Reflect  .   y - +1 hat
rElec   .          Harm     .   (no cloak)
rCorr   .          Rampage  .   (no gloves)
Will    +....                   g - +0 pair of boots
Stlth   ..........              (no amulet)
HPRegen 0.22/turn               h - ring "Uhyr" {rC+ Will+}
MPRegen 0.11/turn               (no ring)

@: on berserk cooldown, slowed, very slow
A: horns 2, retaliatory headbutt
a: Renounce Religion, Berserk, Trog's Hand, Brothers in Arms


You were on level 8 of the Dungeon.
You worshipped Trog.
Trog was greatly pleased with you.
You visited 1 branch of the dungeon, and saw 8 of its levels.

You collected 413 gold pieces.
You spent 24 gold pieces at shops.

Inventory:

Hand Weapons
 w - a +0 battleaxe (weapon)
Missiles
 e - a throwing net (quivered)
Armour
 g - a +0 pair of boots (worn)
 x - a +0 plate armour (worn)
 y - a +1 hat (worn)
Jewellery
 h - the ring "Uhyr" (left hand) {rC+ Will+}
   (You acquired it on level 4 of the Dungeon)

   [ring of protection from cold]

   rC:        It protects you from cold.
   Will:      It increases your willpower.
 i - a ring of fire
 m - a ring of magical power
 n - a ring of fire
Wands
 f - a wand of mindburst (9)
 s - a wand of polymorph (8)
 v - a wand of iceblast (8)
Scrolls
 j - 3 scrolls of teleportation
 q - a scroll of magic mapping
 z - a scroll of identify
 A - a scroll of brand weapon {unknown}
Potions
 a - a potion of mutation
 b - 4 potions of magic
 c - 7 potions of might
 d - 2 potions of heal wounds
 k - 2 potions of resistance
 l - a potion of haste
 o - 2 potions of ambrosia {unknown}
 p - a potion of invisibility
 r - 2 potions of berserk rage
 t - 3 potions of flight
 u - 5 potions of lignification


   Skills:
 - Level 3.6 Fighting
 + Level 18.3 Axes
 - Level 2.4 Armour
 - Level 2.1 Dodging


You had 9 spell levels left.
You didn't know any spells.
Your spell library was empty.

Dungeon Overview and Level Annotations

Branches:
Dungeon (8/15)             Temple (0/1) D:4
   Lair: D:8-11

Altars:
Dithmenos
Makhleb
Yredelemnul
Zin

Shops:
D:2 :   D:3 *   D:4 ?

Annotations:
D:8 Maurice


Innate Abilities, Weirdness & Mutations

You have a pair of horns on your head.
You reflexively headbutt those who attack you in melee.


Message History

The vampire mosquito bites you but does no damage.
You closely miss the vampire mosquito.
Your headbutt misses the vampire mosquito.
The vampire mosquito is moderately damaged.
The vampire mosquito completely misses you.
The vampire mosquito bites you!
* * * LOW HITPOINT WARNING * * *
The vampire mosquito draws strength from your injuries!
You barely miss the vampire mosquito.
Your headbutt misses the vampire mosquito.
The vampire mosquito is lightly damaged.
The vampire mosquito bites you.
* * * LOW HITPOINT WARNING * * *
The vampire mosquito draws strength from your injuries!
The vampire mosquito bites you!
* * * LOW HITPOINT WARNING * * *
The vampire mosquito draws strength from your injuries!
The vampire mosquito bites you.
* * * LOW HITPOINT WARNING * * *
The vampire mosquito draws strength from your injuries!
You hit the vampire mosquito but do no damage.
The vampire mosquito bites you but does no damage.
The vampire mosquito barely misses you.
You slice the vampire mosquito!!
Your headbutt misses the vampire mosquito.
The vampire mosquito is almost destroyed.
The vampire mosquito bites you but does no damage.
The vampire mosquito bites you.
* * * LOW HITPOINT WARNING * * *
The vampire mosquito draws strength from your injuries!
You barely miss the vampire mosquito.
Your headbutt misses the vampire mosquito.
The vampire mosquito is almost destroyed.
The vampire mosquito bites you but does no damage. x2
You hit the vampire mosquito but do no damage.
Your headbutt misses the vampire mosquito.
The vampire mosquito is severely damaged.
The vampire mosquito bites you but does no damage.
The vampire mosquito bites you!
You die... .o..........# #.o......... #.......... .....@.. .zozz

#zo# #.o# ########
##y###......####
#@##.....≈⌠≈...###
#.#......§§.......
#.#......§........ #######
#...≈..........≈..
#.....###..§≈..........§≈.
##.........................
#..............§§≈≈≈≈≈.....
#..............≈§####≈≈....
##........§.....≈## #≈..§.


You could see Maurice, a vampire mosquito, 4 wights and 3 orcs.

Vanquished Creatures
  Gastronok (D:8)
  A two-headed ogre (D:6)
  Grinder (D:5)
  3 vampire mosquitoes (D:8)
  2 steam dragons (D:7)
  3 water moccasins
  3 sky beasts (D:7)
  An ice beast (D:8)
  2 orc warriors
  2 centaurs
  3 ogres
  A bullfrog (D:7)
  5 scorpions
  A wyvern zombie (D:7)
  8 wights
  A hound (D:6)
  2 jellies (D:6)
  2 gnoll boudas (D:6)
  3 orc priests (D:5)
  4 iguanas
  Natasha (thrice) (D:4)
  5 orc wizards
  A howler monkey zombie (D:7)
  17 gnolls
  10 adders
  2 white imps (D:7)
  An ufetubus (D:6)
  4 worms
  5 dart slugs
  29 orcs
  8 endoplasms
  3 giant cockroaches
  8 goblins
  7 hobgoblins
  5 jackals
  A quokka (D:3)
  5 ball pythons
  16 bats
  6 frilled lizards
  4 kobolds
  3 rats
192 creatures vanquished.

Notes
Turn   | Place    | Note
-------+----------+-------------------------------------------
     0 | D:1      | BuddhaDhamma the Minotaur Berserker began the quest for the
                  | Orb.
     0 | D:1      | Reached XP level 1. HP: 19/19 MP: 0/0
    84 | D:1      | Reached skill level 4 in Axes
   163 | D:1      | Found a faded altar of an unknown god.
   224 | D:1      | Reached XP level 2. HP: 22/26 MP: 1/1
   756 | D:1      | Reached skill level 5 in Axes
  1474 | D:2      | Reached XP level 3. HP: 29/31 MP: 2/2
  1909 | D:2      | Reached ** piety under Trog
  2068 | D:2      | Found Bapnealy's Vocational Training.
  2460 | D:2      | Reached XP level 4. HP: 39/39 MP: 3/3
  2476 | D:2      | Reached skill level 6 in Axes
  2926 | D:3      | Found Ehinnah's General Store.
  3352 | D:3      | Reached *** piety under Trog
  3658 | D:4      | Found a staircase to the Ecumenical Temple.
  3698 | D:4      | Reached skill level 7 in Axes
  3698 | D:4      | Reached XP level 5. HP: 45/45 MP: 4/4
  3828 | D:4      | Noticed Natasha
  3840 | D:4      | Killed Natasha
  3885 | D:4      | Found Suthriuh's Magic Scroll Shop.
  3890 | D:4      | Bought a scroll of identify for 24 gold pieces
  3926 | D:4      | Noticed an ogre
  3931 | D:4      | Killed an ogre
  3932 | D:4      | Reached skill level 8 in Axes
  3932 | D:4      | Reached XP level 6. HP: 48/51 MP: 5/5
  4271 | D:4      | Identified a scroll of acquirement
  4271 | D:4      | Acquired the ring "Uhyr" {rC+ Will+}
  4309 | D:4      | Noticed Natasha
  4317 | D:4      | Killed Natasha
  4329 | D:4      | Noticed Natasha
  4334 | D:4      | Killed Natasha
  4396 | D:5      | Entered Level 5 of the Dungeon
  4456 | D:5      | Reached skill level 9 in Axes
  4623 | D:5      | Identified the +9 falchion of Perfectionism {protect,
                  | Dex+7}
  4623 | D:5      | Noticed Grinder
  4624 | D:5      | Paralysed by Grinder for 2 turns
  4632 | D:5      | Reached XP level 7. HP: 47/57 MP: 6/6
  4633 | D:5      | Paralysed by Grinder for 2 turns
  4644 | D:5      | Killed Grinder
  4645 | D:5      | Reached skill level 10 in Axes
  4889 | D:5      | Reached skill level 11 in Axes
  5043 | D:5      | Reached XP level 8. HP: 52/64 MP: 7/7
  5193 | D:5      | Reached skill level 12 in Axes
  5733 | D:6      | Reached **** piety under Trog
  5830 | D:6      | Reached skill level 13 in Axes
  6670 | D:6      | Reached skill level 14 in Axes
  6973 | D:6      | Noticed a two-headed ogre
  6982 | D:6      | Killed a two-headed ogre
  6983 | D:6      | Reached skill level 15 in Axes
  6983 | D:6      | Reached XP level 9. HP: 47/70 MP: 8/8
  8230 | D:7      | Reached skill level 16 in Axes
  8241 | D:7      | Found a glowing silver altar of Zin.
  8941 | D:7      | Found a basalt altar of Yredelemnul.
  9221 | D:7      | Found a burning altar of Makhleb.
  9762 | D:8      | Noticed Gastronok
  9769 | D:7      | Reached skill level 17 in Axes
  9891 | D:8      | Reached XP level 10. HP: 17/76 MP: 9/9
 10191 | D:8      | Found a shadowy altar of Dithmenos.
 10288 | D:8      | Killed Gastronok
 10482 | D:8      | Reached skill level 18 in Axes
 10578 | D:8      | Noticed Maurice
 10612 | D:8      | HP: 1/77 [vampire mosquito (4)]
 10614 | D:8      | Mangled by a vampire mosquito

Illustrated notes

Levels and vault maps discovered:
D:1:      pf_arrival_petrified_forest, layout_basic,
          ebering_ecumenical_altar_box
D:2:      layout_basic, nicolae_shop_vocational
D:3:      minmay_razor_zed, layout_basic, serial_shops, shop
D:4:      layout_rooms, minmay_temple_entry_slanted, serial_shops, shop,
          uniq_natasha
D:5:      layout_rooms, uniq_grinder
D:6:      layout_loops_ring, serial_glass, glass_columns_a, glass_columns_b,
          minmay_strange_pillars, item_on_display_a, minmay_stone_trees_medium
D:7:      layout_layer_cave, lemuel_zombie_altar_yredelemnul,
          mainiacjoe_overflow_brackets, kennysheep_little_box,
          nicolae_eternal_life, hangedman_misty_isle
D:8:      layout_cave_pods, overflow_temple_1_default, grunt_dithmenos_smoke,
          kennysheep_decorative_pillar, uniq_maurice, uniq_gastronok

Skill      XL: |  1  2  3  4  5  6  7  8  9 10 |
---------------+-------------------------------+-----
Axes           | 4 5 7 8 9 11 15 17 18 | 18.3
Fighting       | |  3.6
Armour         | |  2.4
Dodging        | |  2.1

Action                   |  1- 3 |  4- 6 |  7- 9 | 10-12 || total
-------------------------+-------+-------+-------+-------++-------
Melee: Hand axe          |   105 |     4 |    59 |       ||   168
       Headbutt          |    10 |    17 |    34 |     9 ||    70
       War axe           |       |   107 |    35 |       ||   142
       Punch             |       |       |     2 |       ||     2
       Battleaxe         |       |       |   165 |    61 ||   226
Invok: Berserk           |       |     3 |     5 |     2 ||    10
  Use: Scroll            |       |    13 |     8 |       ||    21
 Stab: Sleeping          |     1 |       |       |       ||     1
Armor: Animal skin       |     7 |       |       |       ||     7
       Ring mail         |    27 |       |       |       ||    27
       Chain mail        |       |    62 |    48 |       ||   110
       Plate armour      |       |       |    96 |    35 ||   131
Dodge: Dodged            |    62 |    52 |    70 |    15 ||   199
